 Dungeon Crawl Stone Soup version 0.19.0-24-gb05acd6 (webtiles) character file.

2870 syranez the Magician (level 9, -8/57 HPs)
             Began as a High Elf Wizard on Nov 21, 2016.
             Was a Believer of Vehumet.
             Mangled by TheWoodenMan's ghost (24 damage)
             ... on level 9 of the Dungeon on Nov 22, 2016.
             The game lasted 01:23:12 (10971 turns).

syranez the Magician (High Elf Wizard)             Turns: 10971, Time: 01:23:13

Health: -8/57      AC:  5    Str:  8    XL:     9   Next: 47%
Magic:  18/21      EV: 15    Int: 22    God:    Vehumet [**....]
Gold:   502        SH:  0    Dex: 21    Spells: 8 memorised, 6 levels left

rFire  + . .     SeeInvis .     f - +7 dagger "Ponaahurei" {pierce, rF+ rC+}
rCold  + . .     Gourm    .     t - +1 robe {MR+}
rNeg   . . .     Faith    .     (no shield)
rPois  .         Spirit   .     x - +1 helmet
rElec  .         Reflect  .     (no cloak)
rCorr  .         Harm     .     (no gloves)
MR     +....                    (no boots)
Stlth  +++.......               i - amulet of magic regeneration
                                B - ring of wizardry
                                E - +5 ring of dexterity

@: no status effects
A: claws 1, evolution 1
a: Renounce Religion


You were on level 9 of the Dungeon.
You worshipped Vehumet.
Vehumet was pleased with you.
You were not hungry.

You visited 2 branches of the dungeon, and saw 10 of its levels.
You also visited: Ossuary.

You collected 502 gold pieces.

Inventory:

Hand Weapons
 a - a +1 falchion
 b - a +0 blowgun
 e - a +0 short sword
 f - the +7 dagger "Ponaahurei" (weapon) {pierce, rF+ rC+}
   (You found it on level 7 of the Dungeon)

   It inflicts extra damage upon your enemies.
   It protects you from fire.
   It protects you from cold.
 q - a +0 battleaxe
 K - a +1 mace of crushing
Missiles
 l - 24 poisoned needles
 A - 8 curare-tipped needles
 I - 11 tomahawks (quivered)
Armour
 n - a +2 robe of positive energy
 t - a +1 robe of magic resistance (worn)
 x - a +1 helmet (worn)
 y - a +0 hat
Magical Staves
 u - an uncursed staff of cold
Jewellery
 i - an amulet of magic regeneration (around neck)
 j - an uncursed ring of ice
 k - an uncursed ring of flight
 B - a ring of wizardry (right claw)
 C - a +3 amulet of reflection
 E - a +5 ring of dexterity (left claw)
 N - a cursed +5 ring of protection
Wands
 v - a wand of acid (10/15)
 D - a wand of teleportation (5/9)
Scrolls
 m - a scroll of enchant weapon
 p - a scroll of recharging
 r - a scroll of random uselessness
 s - 3 scrolls of fog
 F - a scroll of teleportation
 J - 2 scrolls of amnesia
 L - a scroll of remove curse
Potions
 o - 3 potions of flight
 w - a potion of ambrosia
 G - 2 potions of curing
Books
 c - a book of Minor Magic

   Spells                             Type                      Level
   a - Magic Dart                     Conjuration                  1
   b - Blink                          Translocation                2
   c - Call Imp                       Summoning                    2
   d - Repel Missiles                 Charms/Air                   2
   e - Slow                           Hexes                        2
   f - Conjure Flame                  Conjuration/Fire             3
   g - Mephitic Cloud                 Conjuration/Poison/Air       3
Comestibles
 d - 3 bread rations
 g - a beef jerky
 h - 6 chunks of flesh
 z - a fruit
 H - 2 meat rations


   Skills:
 * Level 3.5 Fighting
 - Level 1.2(3.9) Short Blades
 * Level 5.9(6.0) Long Blades
 + Level 4.6 Throwing
 * Level 1.8 Armour
 * Level 4.4 Dodging
 - Level 3.9 Stealth
 * Level 7.8 Spellcasting
 * Level 4.3 Conjurations
 - Level 1.1 Hexes
 - Level 1.3 Summonings
 - Level 1.1 Translocations
 * Level 2.4 Fire Magic
 * Level 3.0 Air Magic
 - Level 0.8 Poison Magic
 + Level 1.2 Evocations


You had 6 spell levels left.
You knew the following spells:

 Your Spells              Type           Power        Failure   Level  Hunger
a - Magic Dart            Conj           ####         1%          1    None
b - Call Imp              Summ           ##......     4%          2    None
c - Mephitic Cloud        Conj/Pois/Air  ###.....     4%          3    None
d - Conjure Flame         Conj/Fire      ###.....     3%          3    None
e - Blink                 Tloc           N/A          4%          2    None
f - Slow                  Hex            ##......     4%          2    None
g - Repel Missiles        Chrm/Air       ###...       4%          2    None
h - Throw Frost           Conj/Ice       ###...       2%          2    None


Dungeon Overview and Level Annotations

Branches:
Dungeon (9/15)             Temple (1/1) D:5
   Lair: D:8-11         Orc: D:9-12

Altars:
Ashenzari
Cheibriados
Dithmenos
Elyvilon
Fedhas
Gozag
Hepliaklqana
Kikubaaqudgha
Makhleb
Nemelex Xobeh
Okawaru
Qazlal
Ru
Sif Muna
Trog
Uskayaw
Vehumet
Xom
Yredelemnul
Zin
The Shining One

Annotations:
D:3 Frank's ghost, amateur GrGl; Sigmund
D:4 Purgy
D:8 1 exclusion
D:9 TheWoodenMan's ghost, journeyman MfSk


Innate Abilities, Weirdness & Mutations

You have sharp fingernails.
You evolve.


Message History

Wield which item (- for none, * to show all)? (? for menu, Esc to quit)
f - the +7 dagger "Ponaahurei" (weapon)
{pierce, rF+ rC+} TheWoodenMan's ghost casts a spell.
Space distorts along a thin shroud covering TheWoodenMan's ghost's form.
An orc wizard comes into view. It is wielding a dagger.
A wight comes into view. It is wielding a battleaxe.
A wyvern skeleton comes into view.
Found a glowing gold wand.
A wight comes into view.
It is wielding an enchanted short sword.
A wight comes into view.
It is wielding a great sword of freezing.
The bullfrog croaks.
You hear a shout!
The bullfrog hits you. The bullfrog barely misses you.
A bullfrog comes into view.
The bullfrog hits you. The wight misses you.
An orc wizard comes into view. It is wielding a dagger.
The bullfrog gives a loud, deep croak!
The bullfrog hits you.
* * * LOW HITPOINT WARNING * * *
TheWoodenMan's ghost hits you!!
You die...

#.##....##.#.....#.#####
#..../......#......K.KY.#
.........z.....##..####(####
....?...........##.#.≈((.≈PP
#...$..............#%.%...≈P
...................#..PY.P)≈
#.......z.#.......#...%.≈≈P
.#.......Z.#.......#..Y..P≈.
...§§§§..#F@<......##Y'K###+
.....§§K.o#W..#....#%....#
.....§§§..#o.......#%%...+
.......§§§....###..#######
...##.F§§§....# #.#
?..#.§§..o.... #..
..###...$.....#. ..
#.....#...#.. ...F#...#...


You could see a big kobold (confused), 2 bullfrogs, 2 wights, 2 orc wizards,
TheWoodenMan's ghost, an orc and a wyvern skeleton.

Vanquished Creatures
  Psyche (D:8)
  A water moccasin (D:7)
  Duvessa (D:4)
  An orc warrior (D:8)
  2 ice beasts (D:7)
  A sky beast (D:4)
  A phantom (D:8)
  A black bear (D:7)
  A necrophage (D:7)
  An ogre (D:5)
  A centaur (D:8)
  An elf zombie (Ossuary)
  A bullfrog (D:7)
  Blork the orc (D:4)
  Dowan (D:3)
  3 scorpions
  3 killer bees (D:7)
  2 crimson imps
  A bullfrog zombie (D:7)
  A bullfrog skeleton (D:8)
  4 hounds
  A centaur skeleton (D:4)
  2 orc priests (D:7)
  2 iguanas (D:4)
  Terence (D:3)
  An orc wizard (D:7)
  8 worker ants
  2 mummies (Ossuary)
  Robin (D:3)
  A worker ant zombie (D:5)
  7 gnolls
  10 adders
  2 shadow imps (D:8)
  An adder skeleton (D:8)
  2 adder zombies (Ossuary)
  6 worms
  6 dart slugs
  6 leopard geckos
  17 orcs
  4 giant cockroaches
  19 goblins
  10 hobgoblins
  7 jackals
  15 kobolds
  3 quokkas
  5 bats
  5 frilled lizards
  A goblin zombie (Ossuary)
  A hobgoblin zombie (Ossuary)
  4 kobold zombies (Ossuary)
  An orc zombie (Ossuary)
  A quokka skeleton (D:5)
  5 quokka zombies (Ossuary)
  6 rats
  3 rat zombies (Ossuary)
196 creatures vanquished.

Vanquished Creatures (collateral kills)
  A mummy (Ossuary)
  A worm (D:1)
  A dart slug (D:1)
  A leopard gecko (D:1)
  A giant cockroach (D:4)
  A goblin (D:1)
  A quokka (D:3)
  A quokka zombie (D:5)
  A rat (D:1)
9 creatures vanquished.

Grand Total: 205 creatures vanquished

Notes
Turn   | Place    | Note
-------+----------+-------------------------------------------
     0 | D:1      | syranez the High Elf Wizard began the quest for the Orb.
     0 | D:1      | Reached XP level 1. HP: 11/11 MP: 6/6
   136 | D:1      | Reached skill level 4 in Spellcasting
   285 | D:1      | Reached XP level 2. HP: 17/17 MP: 6/8
   390 | D:1      | Learned a level 2 spell: Call Imp
   963 | D:1      | Reached XP level 3. HP: 21/21 MP: 1/10
  1374 | D:1      | Learned a level 3 spell: Mephitic Cloud
  1378 | D:1      | Learned a level 3 spell: Conjure Flame
  1381 | D:1      | Learned a level 2 spell: Blink
  1424 | D:2      | Reached skill level 1 in Summonings
  2066 | D:2      | Reached skill level 5 in Spellcasting
  2186 | D:2      | Reached skill level 1 in Short Blades
  2186 | D:2      | Reached XP level 4. HP: 27/27 MP: 9/12
  3020 | D:3      | Noticed Robin
  3031 | D:3      | Killed Robin
  3078 | D:3      | Noticed Frank's ghost (amateur GrGl)
  3344 | D:3      | Noticed Terence
  3397 | D:3      | Killed Terence
  3397 | D:3      | Reached skill level 1 in Throwing
  3397 | D:3      | Reached XP level 5. HP: 31/31 MP: 2/13
  3819 | D:3      | Noticed Sigmund
  4404 | D:4      | Noticed Duvessa
  4568 | D:4      | Reached skill level 1 in Long Blades
  4666 | D:4      | Noticed a phantom
  4719 | D:4      | Reached skill level 1 in Air Magic
  4719 | D:4      | Reached XP level 6. HP: 37/37 MP: 15/15
  4764 | D:4      | Learned a level 2 spell: Slow
  4773 | D:4      | Learned a level 2 spell: Repel Missiles
  5015 | D:4      | Noticed Dowan
  5029 | D:4      | Killed Duvessa
  5029 | D:4      | Reached skill level 1 in Fighting
  5375 | D:3      | Gained mutation: You are partially covered in rugged brown scales. (AC +1, +3% HP) [potion of mutation]
  5375 | D:3      | Gained mutation: You can translocate small distances at will. [potion of mutation]
  5375 | D:3      | Gained mutation: You passively map a small area around you. [potion of mutation]
  5376 | D:3      | Lost mutation: You are partially covered in rugged brown scales. (AC +1, +3% HP) [potion of cure mutation]
  5376 | D:3      | Lost mutation: You passively map a small area around you. [potion of cure mutation]
  5376 | D:3      | Lost mutation: You can translocate small distances at will. [potion of cure mutation]
  5526 | D:3      | Reached skill level 6 in Spellcasting
  5530 | D:3      | Killed Dowan
  5831 | D:4      | Noticed Purgy
  5836 | D:4      | Noticed a sky beast
  6133 | D:4      | Reached XP level 7. HP: 43/43 MP: 17/17
  6376 | D:4      | Gained mutation: Armour fits poorly on your strangely shaped body. [mutagenic meat]
  6377 | D:4      | Gained mutation: You have sharp fingernails. [mutagenic meat]
  6378 | D:4      | Gained mutation: You evolve. [mutagenic meat]
  6760 | D:4      | Noticed Blork the orc
  6761 | D:4      | Lost mutation: Armour fits poorly on your strangely shaped body. [evolution]
  6781 | D:4      | Killed Blork the orc
  6938 | D:5      | Entered Level 5 of the Dungeon
  7295 | D:5      | Found a staircase to the Ecumenical Temple.
  7326 | Temple   | Entered the Ecumenical Temple
  7458 | Temple   | Became a worshipper of Vehumet
  7622 | D:5      | Reached XP level 8. HP: 27/50 MP: 18/18
  8280 | D:6      | You fall through a shaft for 3 floors!
  8282 | D:9      | Noticed a dream sheep
  8282 | D:9      | Noticed a dream sheep
  8310 | D:7      | Reached skill level 1 in Hexes
  8493 | D:7      | Found a sand-covered staircase.
  8500 | Ossuary  | Entered an ossuary
  8727 | Ossuary  | Reached * piety under Vehumet
  8727 | Ossuary  | Offered knowledge of Freeze by Vehumet.
  8848 | D:7      | Reached skill level 7 in Spellcasting
  9265 | D:7      | Reached skill level 5 in Long Blades
  9402 | D:7      | Reached skill level 1 in Fire Magic
  9719 | D:7      | Reached XP level 9. HP: 31/56 MP: 15/21
 10074 | D:7      | Got a translucent dagger
 10075 | D:7      | Identified the +7 dagger "Ponaahurei" {pierce, rF+ rC+} (You found it on level 7 of the Dungeon)
 10298 | D:8      | Reached skill level 1 in Armour
 10641 | D:8      | Offered knowledge of Throw Frost by Vehumet.
 10702 | D:8      | Reached ** piety under Vehumet
 10756 | D:8      | Noticed Psyche
 10770 | D:8      | Killed Psyche
 10770 | D:8      | Reached skill level 1 in Evocations
 10892 | D:8      | Noticed a gargoyle
 10914 | D:8      | Learned a level 2 spell: Throw Frost
 10965 | D:9      | Noticed TheWoodenMan's ghost (journeyman MfSk)
 10971 | D:9      | Mangled by TheWoodenMan's ghost

Skill      XL: |  1  2  3  4  5  6  7  8  9 |
---------------+----------------------------+-----
Spellcasting   | 4 5 6 7 |  7.8
Summonings     | 1 |  1.3
Short Blades   | 1 |  1.2
Throwing       | 1 2 4 |  4.6
Conjurations   | 2 3 4 |  4.3
Long Blades    | 1 2 3 5 |  5.9
Air Magic      | 1 2 3 |  3.0
Fighting       | 1 2 3 |  3.5
Stealth        | 3 |  3.9
Dodging        | 3 4 |  4.4
Hexes          | 1 |  1.1
Fire Magic     | 1 2 |  2.4
Armour         | 1 |  1.8
Evocations     | 1 |  1.2
Translocations | |  1.1
Poison Magic   | |  0.8

Action                   |  1- 3 |  4- 6 |  7- 9 || total
-------------------------+-------+-------+-------++-------
Melee: Short sword       |    32 |       |       ||    32
       Falchion          |     7 |    87 |   134 ||   228
       Blowgun           |       |     1 |       ||     1
       Dagger            |       |       |    50 ||    50
       Staff             |       |       |     1 ||     1
 Fire: Blowgun           |       |    72 |    62 ||   134
Throw: Stone             |     2 |    12 |     5 ||    19
 Cast: Magic Dart        |    94 |   126 |   254 ||   474
       Call Imp          |     8 |     3 |     8 ||    19
       Mephitic Cloud    |     1 |     8 |    22 ||    31
       Conjure Flame     |       |    17 |    19 ||    36
       Slow              |       |     4 |     9 ||    13
       Blink             |       |     1 |     1 ||     2
       Throw Frost       |       |       |     2 ||     2
  Use: Potion            |       |     8 |     4 ||    12
       Scroll            |       |     2 |    12 ||    14
 Stab: Confused          |     2 |     1 |     6 ||     9
       Sleeping          |       |     1 |       ||     1
  Eat: Chunk             |     4 |     5 |    12 ||    21
       Bread ration      |       |     1 |       ||     1
       Pizza             |       |     2 |       ||     2
       Meat ration       |       |     1 |       ||     1
       Fruit             |       |       |     4 ||     4
Armor: Robe              |     2 |    18 |    54 ||    74
Dodge: Dodged            |    24 |    93 |   159 ||   276
       Rpst.: Falchion   |       |    26 |    43 ||    69
